 Dungeon Crawl Stone Soup version 0.30.0 (webtiles) character file.

Game seed: 4795606469942781046

657 Jonnyslop the Spear-Bearer (level 7, -1/56 HPs)
             Began as a Merfolk Gladiator on May 16, 2023.
             Was an Initiate of Qazlal.
             Slain by a lemure (3 damage)
             ... led by Pikel
             ... on level 4 of the Dungeon.
             The game lasted 00:07:42 (3092 turns).

Jonnyslop the Spear-Bearer (Merfolk Gladiator)      Turns: 3092, Time: 00:07:43

Health: -1/56      AC:  8    Str: 17    XL:     7   Next: 55%
Magic:  7/7        EV: 12    Int:  7    God:    Qazlal [......]
Gold:   171        SH:  0    Dex: 15    Spells: 6/6 levels left

rFire   + . .        s - +3 trident
rCold   + . .        (no shield)
rNeg    . . .        j - +0 ring mail {rC+}
rPois   .            c - +0 helmet
rElec   .            l - +1 cloak
rCorr   .            (no gloves)
SInv    .            (no boots)
Will    +....        (no amulet)
Stlth   +            h - ring of willpower
HPRegen 0.29/turn    o - ring of protection from fire
MPRegen 0.10/turn

%: no passive effects
@: no status effects
A: (nimble swimmer 2), mertail
a: Renounce Religion


You were on level 4 of the Dungeon.
You worshipped Qazlal.
Qazlal was noncommittal.
You visited 2 branches of the dungeon, and saw 5 of its levels.

You collected 171 gold pieces.

Inventory:

Hand Weapons
 s - a +3 trident (weapon)
Missiles
 a - 2 poisoned darts
 d - 4 throwing nets
 e - a javelin (quivered)
Armour
 c - a +0 helmet (worn)
 j - a +0 ring mail of cold resistance (worn)
 l - a +1 cloak (worn)
Jewellery
 h - a ring of willpower (left hand)
 o - a ring of protection from fire (right hand)
 t - a ring of magical power
Wands
 q - a wand of flame (12)
Scrolls
 b - 3 scrolls of blinking
 n - 3 scrolls of vulnerability
Potions
 g - 2 potions of curing
 i - 2 potions of attraction
 k - a potion of magic {unknown}
 m - 2 potions of flight
 p - 3 potions of heal wounds
 r - a potion of haste {unknown}


   Skills:
 + Level 5.0 Fighting
 * Level 8.9 Polearms
 - Level 2.0 Throwing
 + Level 2.0 Armour
 - Level 4.0 Dodging


You had 6 spell levels left.
You didn't know any spells.
Your spell library contained the following spells:

 Spells                   Type           Power      Damage    Failure   Level
 Apportation              Tloc           0%         N/A       63%         1
 Necrotise                Necr           0%         1d4       63%         1
 Slow                     Hex            0%         N/A       63%         1
 Summon Small Mammal      Summ           0%         N/A       63%         1
 Blink                    Tloc           0%         N/A       77%         2
 Lesser Beckoning         Tloc           0%         N/A       77%         2
 Momentum Strike          Conj/Tloc      0%         3d8       77%         2
 Confusing Touch          Hex            0%         N/A       94%         3
 Vampiric Draining        Necr           0%         2d6       94%         3
 Alistair's Intoxication  Tmut/Pois      0%         N/A       100%        5
 Summon Forest            Summ/Tloc      0%         N/A       100%        5
 Summon Mana Viper        Hex/Summ       0%         N/A       100%        5
 Summon Cactus Giant      Summ           0%         N/A       100%        6


Dungeon Overview and Level Annotations

Branches:
Dungeon (4/15)             Temple (1/1) D:4

Altars:
Ashenzari
Cheibriados
Dithmenos
Elyvilon
Fedhas
Gozag
Hepliaklqana
Makhleb
Nemelex Xobeh
Okawaru
Qazlal
Ru
Sif Muna
Trog
Uskayaw
Vehumet
Xom
Zin
The Shining One

Annotations:
D:4 Pikel


Innate Abilities, Weirdness & Mutations

((You are very nimble when in or above water. (Stealth+, EV+, Speed+++)))
Your lower body shifts to a powerful aquatic tail in water.


Message History

You miss Pikel. The lemure misses you. The lemure barely misses you.
You barely miss Pikel. The lemure hits you.
The lemure hits you but does no damage. The lemure hits you.
Pikel hits you with a +2 whip of freezing.
You hit Pikel.
Pikel is lightly wounded.
The lemure barely misses you. The lemure hits you but does no damage.
The lemure barely misses you.
Pikel hits you with a +2 whip of freezing!
Pikel freezes you.
You are too injured to fight recklessly!
You are too injured to fight recklessly!
You are too injured to fight recklessly!
You are too injured to fight recklessly!
You are too injured to fight recklessly!
You are too injured to fight recklessly!
You are too injured to fight recklessly!
You are too injured to fight recklessly!
You are too injured to fight recklessly!
You are too injured to fight recklessly!
You are too injured to fight recklessly!
You are too injured to fight recklessly!
The lemure attacks as you move away! The lemure hits you.
The lemure attacks as you move away! The lemure hits you.
You see here a +0 long sword of distortion.
The lemure attacks as you move away! The lemure barely misses you.
Pikel hits you with a +2 whip of freezing.
The lemure attacks as you move away! The lemure barely misses you.
The lemure attacks as you move away! The lemure barely misses you.
Pikel attacks as you move away!
Pikel hits you with a +2 whip of freezing.
* * * LOW HITPOINT WARNING * * *
Pikel freezes you.
* * * LOW HITPOINT WARNING * * *
The lemure hits you!
* * * LOW HITPOINT WARNING * * *
Pikel checks his coin pouch and frowns.
The lemure attacks as you move away! The lemure barely misses you.
The lemure hits you.
You die...

####...##....##.#
..###.........#.#
#...........#.#.###.
#.####.##.....#.....# .## #.#
#.##.........#.# ... #.#
#.###....###.#.. ....
#.####†# ##.#.###.#.# .....
....##.#
#........#.#####....#
#.#....#
#.#####@K#.#.........
#.#..### #.# #55............
#.#..# #.# #..........#
#.#..# #.# #.5......$.#
#.#..#####.#####....)..⌠..#
......................$.$.#
########.#.#...#..........#
.........†..............>...
###......).#>..####.###......


You could see Pikel and 3 lemures.

Vanquished Creatures
  Sigmund (D:2)
  2 black bears (D:4)
  A lemure (D:4)
  A phantom (D:4)
  A hound (D:4)
  Natasha (thrice) (D:2)
  2 adders
  5 gnolls
  An ufetubus (D:4)
  A worm (D:4)
  2 dart slugs (D:2)
  6 orcs
  5 ball pythons
  A bat (D:2)
  4 endoplasms
  10 giant cockroaches
  5 goblins
  5 hobgoblins
  5 kobolds
  4 quokkas
  3 frilled lizards
  4 rats
72 creatures vanquished.

Notes
Turn   | Place    | Note
-------+----------+-------------------------------------------
     0 | D:1      | Jonnyslop the Merfolk Gladiator began the quest for the
                  | Orb.
     0 | D:1      | Reached XP level 1. HP: 16/16 MP: 1/1
   116 | D:1      | Reached XP level 2. HP: 18/23 MP: 2/2
   278 | D:1      | Reached skill level 5 in Polearms
   311 | D:1      | Reached XP level 3. HP: 28/28 MP: 3/3
   738 | D:2      | Noticed Natasha
   746 | D:2      | Killed Natasha
   798 | D:2      | Noticed Natasha
   814 | D:2      | Killed Natasha
   815 | D:2      | Reached XP level 4. HP: 5/35 MP: 4/4
   817 | D:2      | Reached skill level 6 in Polearms
   988 | D:2      | Noticed Natasha
   999 | D:2      | Killed Natasha
  1251 | D:2      | Reached XP level 5. HP: 41/41 MP: 5/5
  1563 | D:2      | Noticed Sigmund
  1611 | D:2      | Killed Sigmund
  1612 | D:2      | Reached skill level 7 in Polearms
  1612 | D:2      | Reached skill level 1 in Armour
  1612 | D:2      | Reached XP level 6. HP: 25/48 MP: 6/6
  2518 | D:4      | Found a staircase to the Ecumenical Temple.
  2518 | D:4      | Noticed a black bear
  2530 | D:4      | Killed a black bear
  2531 | D:4      | Reached skill level 8 in Polearms
  2531 | D:4      | Reached XP level 7. HP: 39/55 MP: 7/7
  2598 | Temple   | Entered the Ecumenical Temple
  2743 | Temple   | Became a worshipper of Qazlal Stormbringer
  2968 | D:4      | Reached skill level 5 in Fighting
  3070 | D:4      | Noticed Pikel
  3090 | D:4      | HP: 2/56 [lemure[Pikel] (8)]
  3092 | D:4      | Slain by a lemure

Illustrated notes

Levels and vault maps discovered:
D:1:      heliophobic_arrival_henge, layout_rooms, roderic_roman_lattice
D:2:      layout_basic, minmay_pentomino_s4, uniq_sigmund, uniq_natasha
D:3:      layout_rooms
D:4:      layout_loops_ring, minmay_temple_entry_offerings,
          corexii_corridor_pit, dreamdust_wishing_well, uniq_crazy_yiuf_cottage,
          uniq_pikel
Temple:   nicolae_temple_bog_church

Skill      XL: |  1  2  3  4  5  6  7 |
---------------+----------------------+-----
Polearms       | 5 6 7 8 |  8.9
Fighting       | 3 4 5 |  5.0
Armour         | 1 2 |  2.0
Throwing       | |  2.0
Dodging        | |  4.0

Action                     |  1- 3 |  4- 6 |  7- 9 || total
---------------------------+-------+-------+-------++-------
  Melee: Trident           |    78 |   151 |    68 ||   297
         Punch             |     1 |     1 |     2 ||     4
    Use: Scroll            |       |     9 |     2 ||    11
   Stab: Sleeping          |     1 |       |       ||     1
 Armour: Leather armour    |     5 |       |       ||     5
         Ring mail         |    15 |    45 |    16 ||    76
  Dodge: Dodged            |    41 |    67 |    39 ||   147
